 Dungeon Crawl Stone Soup version 0.30-a0-1066-g63dfefce0d (webtiles) character file.

Game seed: 4468313891509289166

87 Newt the Shooter (level 4, 0/31 HPs)
             Began as a Kobold Hunter on Apr 12, 2023.
             Killed by divine providence
             ... invoked by an orc priest
              (11 damage)
             ... on level 3 of the Dungeon.
             The game lasted 00:01:58 (2081 turns).

Newt the Shooter (Kobold Hunter)                    Turns: 2081, Time: 00:01:58

Health: 0/31       AC:  4    Str:  8    XL:     4   Next: 80%
Magic:  4/4        EV: 14    Int: 10    God:
Gold:   93         SH:  5    Dex: 20    Spells: 3/3 levels left

rFire   . . .      SeeInvis .    a - +0 shortbow
rCold   . . .      Faith    .    (shield currently unavailable)
rNeg    . . .      Spirit   .    c - +1 leather armour
rPois   .          Reflect  +    (no helmet)
rElec   .          Rampage  .    (no cloak)
rCorr   .                        (no gloves)
Will    .....                    (no boots)
Stlth   +++                      s - amulet of reflection
HPRegen 0.25/turn                (no ring)
MPRegen 0.09/turn                (no ring)

@: invisible
A: small, no large weapons, nightstalker 3
a: no special abilities


You were on level 3 of the Dungeon.
You visited 1 branch of the dungeon, and saw 3 of its levels.

You collected 93 gold pieces.

Inventory:

Hand Weapons
 a - a +0 shortbow (weapon)
Armour
 c - a +1 leather armour (worn)
Jewellery
 s - an amulet of reflection (around neck)
Scrolls
 b - a scroll of immolation
 d - a scroll of vulnerability
 h - a scroll of noise
 k - a scroll of fear
Potions
 f - a potion of brilliance
 i - a potion of haste
 m - a potion of heal wounds {unknown}
 n - a potion of resistance {unknown}
 o - a potion of cancellation {unknown}
 p - a potion of flight {unknown}


   Skills:
 - Level 5.0 Fighting
 + Level 5.4 Ranged Weapons
 - Level 2.4 Dodging
 - Level 1.3 Stealth


You had 3 spell levels left.
You didn't know any spells.
Your spell library contained the following spells:

 Spells                   Type           Power      Damage    Failure   Level
 Apportation              Tloc           0%         N/A       50%         1
 Alistair's Intoxication  Tmut/Pois      0%         N/A       100%        5
 Iskenderun's Battlesphe  Conj           0%         2d6       100%        5
 Iron Shot                Conj/Erth      0%         9d1       100%        6
 Spellforged Servitor     Conj/Summ      0%         N/A       100%        7


Dungeon Overview and Level Annotations

Branches:
Dungeon (3/15)

Altars:


Innate Abilities, Weirdness & Mutations

You are small and have problems with some larger weapons.
You are completely attuned to the shadows.


Message History

The orc completely misses you.
The orc priest calls upon Beogh to heal the orc.
The orc's wounds heal themselves!
You shoot an arrow. The arrow hits the orc!
You kill the orc!
You shoot an arrow. The arrow barely misses the orc priest.
You shoot an arrow.
The arrow hits the orc priest but does no damage.
The orc priest invokes the aid of Beogh against you.
Beogh smites you!
* * * LOW HITPOINT WARNING * * *
You are too injured to fight recklessly!
You are too injured to fight recklessly!
You shoot an arrow. The arrow barely misses the orc priest.
The orc priest closely misses you.
Unknown command.
You fade into invisibility!
The orc priest barely misses you.
Unknown command.
Unknown command.
Fire: a) +0 shortbow
Press: ? - help, Shift-Dir - straight line, f/p - orc priest
Aim: an orc priest, wielding a +0 club (unable to see you, 66% to hit)
You shoot an arrow. The arrow hits the orc priest.
The orc priest is lightly wounded.
Unknown command.
Fire: a) +0 shortbow
Press: ? - help, Shift-Dir - straight line, f/p - orc priest
Aim: an orc priest, wielding a +0 club (lightly wounded, wandering, unable to see you, hasn't noticed you, 66% to hit)
You shoot an arrow. The arrow hits the orc priest.
The orc priest is moderately wounded.
The orc priest barely misses you.
Fire: a) +0 shortbow
Press: ? - help, Shift-Dir - straight line, f/p - orc priest
Aim: an orc priest, wielding a +0 club (moderately wounded, unable to see you, 66% to hit)
You shoot an arrow. The arrow hits the orc priest!
The orc priest is almost dead.
The orc priest calls down the wrath of Beogh upon you.
Beogh smites you!
You die...

#.# #.# #†# #.#
####'#####
.........# ######
#.........# ...[.#
#.........#
.)..@###.........##
...o.#.'..........#
)......#.##.....#.#
##.....#...#....#.#
#.....#....#..#..#
...........###...#
##........###....#
....#..#..#....#
###.#.#....#...#


You could see an orc priest (unable to see you).

Vanquished Creatures
  3 adders
  3 worms (D:2)
  A dart slug (D:2)
  3 orcs (D:3)
  4 bats (D:2)
  4 endoplasms
  4 giant cockroaches
  3 hobgoblins
  2 jackals (D:2)
  3 quokkas
  4 ball pythons
  3 goblins
  4 kobolds
  5 rats
46 creatures vanquished.

Notes
Turn   | Place    | Note
-------+----------+-------------------------------------------
     0 | D:1      | Newt the Kobold Hunter began the quest for the Orb.
     0 | D:1      | Reached XP level 1. HP: 12/12 MP: 1/1
   203 | D:1      | Reached XP level 2. HP: 18/18 MP: 2/2
   863 | D:2      | Reached XP level 3. HP: 16/24 MP: 3/3
  1197 | D:2      | Reached XP level 4. HP: 30/30 MP: 4/4
  1958 | D:3      | Reached skill level 5 in Fighting
  2081 | D:3      | Killed from afar by an orc priest

Illustrated notes

Levels and vault maps discovered:
D:1:      nicolae_arrival_memento_mori, layout_basic, minmay_tetromino_l4
D:2:      layout_loops_corners
D:3:      layout_basic, minmay_misc_feat_chi, uniq_ijyb

Skill      XL: |  1  2  3  4 |
---------------+-------------+-----
Fighting       | 3 4 5 |  5.0
Ranged Weapons | |  5.4
Dodging        | |  2.4
Stealth        | |  1.3

Action                     |  1- 3 |  4- 6 || total
---------------------------+-------+-------++-------
   Fire: Shortbow          |    66 |    60 ||   126
    Use: Scroll            |       |    10 ||    10
         Potion            |       |     1 ||     1
 Armour: Leather armour    |     5 |     2 ||     7
  Dodge: Dodged            |    19 |    26 ||    45

Table legend: (Time is in decaauts)
 A = Elapsed time spent in this place.
 B = Non-inter-level travel time spent in this place.
 C = Inter-level travel time spent in this place.
 D = Time resting spent in this place.
 E = Time spent auto-exploring this place.
 F = Levels seen in this place.
 G = Mean time per level.
                   A        B        C        D        E       F      G
               +--------+--------+--------+--------+--------+-----+--------+
         Total |   2115 |   2057 |     58 |      0 |   1797 |   3 |  705.0 |
       Dungeon |   2115 |   2057 |     58 |      0 |   1797 |   3 |  705.0 |
               +--------+--------+--------+--------+--------+-----+--------+

Top non-repeatable levels by time:
     D:2: 1119 daAuts
     D:1: 848 daAuts
     D:3: 147 daAuts
